 Dungeon Sprint DCSS version 0.24-a0-250-g6074511092 (webtiles) character file.

Game seed: 12987643845296485485

8 Redear the Skirmisher (level 2, -2/33 HPs)
             Began as an Ogre Fighter on Apr 15, 2019.
             Was a Believer of Cheibriados (penitent).
             Slain by a worker ant (3 damage)
             ... in the Dungeon (Sprint VII: "The Pits").
             The game lasted 00:00:53 (108 turns).

Redear the Skirmisher (Ogre Fighter)                 Turns: 108, Time: 00:00:53

Health: -2/33      AC:  3    Str: 19    XL:     2   Next: 8%
Magic:  2/2        EV:  8    Int:  9    God:    Cheibriados [*]
Gold:   0          SH:  8    Dex:  8    Spells: 1/1 levels left

rFire    . . .     SeeInvis .     - Unarmed
rCold    . . .     Gourm    .   b - +0 shield
rNeg     . . .     Faith    .   a - +0 robe
rPois    .         Spirit   .   (helmet restricted)
rElec    .         Reflect  .   (no cloak)
rCorr    .         Harm     .   (gloves unavailable)
MR       .....     NoTele   +   (boots unavailable)
Stlth    +.........             (no amulet)
HPRegen  0.11/turn              (no ring)
MPRegen  0.08/turn              (no ring)

@: lethally poisoned (-2 -> -3), berserk cooldown, slowed, very slow
A: large, unfitting armour, tough skin 1
a: Renounce Religion


You were in the Dungeon.
You worshipped Cheibriados.
Cheibriados was demanding penance.
You were not hungry.

You visited 1 branch

Inventory:

Armour
 a - a +0 robe (worn)
 b - a +0 shield (worn)
Scrolls
 g - 5 scrolls of amnesia
 j - a scroll of summoning
 B - a scroll of blinking {@r4}
 N - 3 scrolls of remove curse
Potions
 c - a potion of might {Str+5 DMG+1d10 | @q3}
 e - 2 potions of invisibility
 f - a potion of heal wounds {@q1}
 h - 4 potions of magic
 i - 2 potions of berserk rage
 H - a potion of haste {@q5}
Comestibles
 d - a chunk of flesh
 z - 9 rations


   Skills:
 + Level 4.8 Fighting
 + Level 3.2 Dodging
 + Level 3.2 Shields
 + Level 2.5 Unarmed Combat


You had one spell level left.
You didn't know any spells.
Your spell library was empty.

Dungeon Overview and Level Annotations

Branches:
Dungeon (1/1)

Altars:
Ashenzari
Cheibriados
Dithmenos
Elyvilon
Fedhas
Gozag
Hepliaklqana
Kikubaaqudgha
Makhleb
Nemelex Xobeh
Okawaru
Qazlal
Ru
Sif Muna
Trog
Uskayaw
Vehumet
Wu Jian
Xom
Yredelemnul
Zin
The Shining One
Beogh
Jiyva
Lugonu


Innate Abilities, Weirdness & Mutations

You are too large for most types of armour.
You have tough skin. (AC +1)


Message History

The worker ant is severely wounded.
You feel sick. You block the worker ant's attack.
The orc hits you with a +0 dagger.
* * * LOW HITPOINT WARNING * * *
The worker ant barely misses you.
You take 4 damage, and have 3/49 hp.
You barely miss the worker ant.
The worker ant is severely wounded.
You block the orc's attack. The worker ant barely misses you.
Your shield prevents you from hitting the worker ant.
The worker ant is severely wounded.
You block the worker ant's attack. The orc hits you but does no damage.
You closely miss the worker ant.
The worker ant is severely wounded.
You are no longer berserk.
You are exhausted.
You feel yourself slow down.
* * * LOW HITPOINT WARNING * * *
You feel sick. The worker ant bites you.
You die...

##########'##..........
#.?(.')))'.##......#..#
##########.##..........
#..........÷'..........
#+#####'#####......#..#
#...†.##..........
#####†#####'#####+
#.o...##.......#
#@aK..##.......#
###'####.......# .o..
#...<...#
.....##.......#
......##.......#
#########.......#
#########


You could see a worker ant, an orc and a kobold.

Vanquished Creatures
  A leopard gecko (D)
  2 orcs (D)
  A bat (D)
  A goblin (D)
5 creatures vanquished.

Notes
Turn   | Place    | Note
-------+----------+-------------------------------------------
     0 | D        | Redear the Ogre Fighter began the quest for the Orb.
     0 | D        | Reached XP level 1. HP: 24/24 MP: 1/1
    12 | D        | Reached skill level 2 in Unarmed Combat
    41 | D        | Found a glowing golden altar of the Shining One.
    41 | D        | Found a glowing silver altar of Zin.
    41 | D        | Found a basalt altar of Yredelemnul.
    41 | D        | Found a shimmering altar of Xom.
    41 | D        | Found an ornate altar of the Wu Jian Council.
    41 | D        | Found a bloodstained altar of Trog.
    41 | D        | Found a deep blue altar of Sif Muna.
    41 | D        | Found a sacrificial altar of Ru.
    41 | D        | Found a stormy altar of Qazlal.
    41 | D        | Found an iron altar of Okawaru.
    41 | D        | Found a sparkling altar of Nemelex Xobeh.
    41 | D        | Found a burning altar of Makhleb.
    41 | D        | Found a viscous altar of Jiyva.
    41 | D        | Found a hazy altar of Hepliaklqana.
    41 | D        | Found an opulent altar of Gozag.
    41 | D        | Found a blossoming altar of Fedhas.
    41 | D        | Found a white marble altar of Elyvilon.
    41 | D        | Found a shadowy altar of Dithmenos.
    41 | D        | Found a snail-covered altar of Cheibriados.
    42 | D        | Found a radiant altar of Vehumet.
    42 | D        | Found a corrupted altar of Lugonu.
    42 | D        | Found a roughly hewn altar of Beogh.
    43 | D        | Found a hide-covered altar of Uskayaw.
    43 | D        | Found an ancient bone altar of Kikubaaqudgha.
    43 | D        | Found a shattered altar of Ashenzari.
    50 | D        | Became a worshipper of Cheibriados the Contemplative
    65 | D        | Reached skill level 3 in Dodging
    65 | D        | Reached skill level 3 in Shields
    70 | D        | Reached * piety under Cheibriados
    78 | D        | Reached XP level 2. HP: 31/33 MP: 2/2
    89 | D        | Reached ** piety under Cheibriados
   100 | D        | Was placed under penance by Cheibriados
   105 | D        | HP: 3/49 [orc/+0 dagger (3)]
   108 | D        | HP: 1/33 [poisoned by a worker ant]
   108 | D        | Slain by a worker ant

Levels and vault maps discovered:
D:        pitsprint [storerooms_1, entrance_room_1, metal_vault_7, armoury_2,
          mini_pit_1, grid_room_1, main_hall_1, silver_pit, the_coven_1,
          the_vestibule_1, steel_vault_3, golden_pit, hallway_of_sentries,
          crystal_vault_3, iron_vault_4, final_vault]

Skill      XL: |  1 |
---------------+----+-----
Unarmed Combat | 2 |  2.5
Dodging        | 3 |  3.2
Shields        | 3 |  3.2
Fighting       | |  4.8

Action                   || total
-------------------------++-------
Melee: Unarmed           ||    31
  Use: Potion            ||     2
Armor: Robe              ||     7
Dodge: Dodged            ||    12
Block: Shield            ||    19

Table legend:
 A = Non-vault XP
 B = Vault XP
 C = Vault XP percentage of total XP
 D = Non-vault monster count
 E = Vault monster count
 F = Vault count percentage of total count
                 A         B        C        D         E       F
            +---------+---------+-------+---------+---------+-------
      Total |       0 |      12 | 100.0 |       0 |       5 | 100.0
            +---------+---------+-------+---------+---------+-------
          D |       0 |      12 | 100.0 |       0 |       5 | 100.0
            +---------+---------+-------+---------+---------+-------
